 Dungeon Crawl Stone Soup version 0.17-a0-1748-g222fba8 (webtiles) character file.

1149 kroki the Thrower (level 8, -8/46 HPs)
             Began as a Kobold Berserker on Sept 1, 2015.
             Was a Priest of Trog.
             Mangled by an orc warrior
             ... wielding a +0 mace
              (14 damage)
             ... on level 6 of the Dungeon.
             The game lasted 00:06:49 (4928 turns).

kroki the Thrower (Kobold Berserker)                Turns: 4928, Time: 00:06:50

Health: -8/46      AC: 11    Str: 15    XL:     8   Next: 65%
Magic:  8/8        EV:  7    Int:  5    God:    Trog [***...]
Gold:   201        SH:  6    Dex: 18    Spells: 0 memorised, 7 levels left

rFire  . . .     SeeInvis +     p - +1 short sword (speed)
rCold  . . .     Clarity  .     l - +0 plate armour
rNeg   . . .     SustAt   .     v - +0 buckler
rPois  .         Gourm    .     b - -2 helmet (curse)
rElec  .         Spirit   .     k - +0 cloak
rCorr  .         Warding  .     (no gloves)
rMut   .         Stasis   .     s - +0 pair of boots
MR     ++...                    t - amulet of regeneration {+regen, !d}
Stlth  ..........               m - ring of stealth {Stlth+}
                                r - ring of see invisible {sInv, !d}

@: exhausted, flying, regenerating, slowed, very slow, very resistant to hostile
enchantments, extremely unstealthy
A: carnivore 3
a: Burn Spellbooks, Berserk, Trog's Hand, Renounce Religion


You were on level 6 of the Dungeon.
You worshipped Trog.
Trog was most pleased with you.
You were not hungry.

You visited 1 branch of the dungeon, and saw 6 of its levels.

You collected 201 gold pieces.

Inventory:

Hand weapons
 a - a +0 short sword
 j - a +4 dagger
   (You took it off a goblin on level 2 of the Dungeon)
 p - a +1 short sword of speed (weapon)
   (You took it off a kobold on level 3 of the Dungeon)
Missiles
 e - 124 stones (quivered)
 i - 35 poisoned needles
Armour
 b - a cursed -2 helmet (worn)
   (You took it off Robin on level 3 of the Dungeon)
 k - a +0 cloak (worn)
   (You found it on level 2 of the Dungeon)
 l - a +0 plate armour (worn)
   (You found it on level 2 of the Dungeon)
 s - a +0 pair of boots (worn)
   (You found it on level 4 of the Dungeon)
 v - a +0 buckler (worn)
   (You found it on level 5 of the Dungeon)
Jewellery
 m - a ring of stealth (right hand) {Stlth+}
   (You found it on level 2 of the Dungeon)
 r - a ring of see invisible (left hand) {sInv, !d}
   (You found it on level 2 of the Dungeon)
 t - an amulet of regeneration (around neck) {+regen, !d}
   (You found it on level 4 of the Dungeon)
 y - an uncursed ring of flight {+Fly, !d}
   (You found it on level 5 of the Dungeon)
Magical devices
 o - a wand of lightning (7)
   (You found it on level 3 of the Dungeon)
 x - a wand of disintegration (23)
   (You found it on level 5 of the Dungeon)
Scrolls
 f - a scroll of amnesia
 h - 5 scrolls of remove curse
 n - 3 scrolls of enchant weapon
Comestibles
 c - 5 meat rations {@e2}
 d - a royal jelly
 u - a slice of pizza


   Skills:
 - Level 3.2 Fighting
 - Level 4.0 Short Blades
 + Level 10.2 Throwing
 - Level 1.5 Armour
 - Level 2.4 Dodging
 * Level 4.3 Shields


You had 7 spell levels left.
You didn't know any spells.

Dungeon Overview and Level Annotations

Branches:
Dungeon (6/15)
 Temple: D:4-7

Altars:
Elyvilon
Okawaru
Qazlal
Ru
Trog
The Shining One

Annotations:
D:2 Natasha


Innate Abilities, Weirdness & Mutations

You are small and have problems with some larger weapons.
You are carnivorous and can eat meat at any time.


Message History

You destroy the worker ant zombie!
You hit the quokka.
You kill the quokka!
Trog accepts your kill.
Your plate armour prevents you from hitting the orc warrior.
You hit the orc warrior but do no damage.
The orc warrior closely misses you.
You hit the orc warrior but do no damage.
Your plate armour prevents you from hitting the orc warrior.
The orc warrior hits you with a mace.
You take 5 damage, and have 64/69 hp.
You puncture the orc warrior!
The orc warrior hits you with a short sword!
You take 8 damage, and have 56/69 hp.
You puncture the orc warrior! You barely miss the orc warrior.
The orc warrior hits you with a mace!
You take 9 damage, and have 47/69 hp.
You are too injured to fight recklessly!
You are too injured to fight recklessly!
You are too injured to fight recklessly!
You are too injured to fight recklessly!
You are too injured to fight recklessly!
You are too injured to fight recklessly!
You are too injured to fight recklessly!
You are too injured to fight recklessly!
You are too injured to fight recklessly!
You are too injured to fight recklessly!
You are too injured to fight recklessly!
You are too injured to fight recklessly!
You are too injured to fight recklessly!
You are too injured to fight recklessly!
You are too injured to fight recklessly!
You are too injured to fight recklessly!
You are too injured to fight recklessly!
You closely miss the orc warrior.
The orc warrior hits you but does no damage.
You closely miss the orc warrior.
You hit the orc warrior but do no damage.
The orc warrior hits you with a mace!
The orc warrior hits you with a short sword!
You take 18 damage, and have 30/69 hp.
MASSIVE DAMAGE!!
You hit the orc warrior. You puncture the orc warrior!
The orc warrior hits you but does no damage.
You hit the orc warrior but do no damage.
You block the orc warrior's attack.
Your plate armour prevents you from hitting the orc warrior.
You hit the orc warrior. The orc warrior barely misses you.
You puncture the orc warrior!
You kill the orc warrior!
Trog accepts your kill.
The orc warrior hits you but does no damage.
You barely miss the orc warrior. You barely miss the orc warrior.
The orc warrior barely misses you.
You hit the orc warrior but do no damage.
You puncture the orc warrior!
Your plate armour prevents you from hitting the orc warrior.
You block the orc warrior's attack.
You puncture the orc warrior! You barely miss the orc warrior.
You are no longer berserk.
You are exhausted.
You feel yourself slow down.
You now have 23/46 hp.
You hit the orc warrior but do no damage.
The orc warrior hits you with a mace!
* * * LOW HITPOINT WARNING * * *
You take 12 damage, and have 11/46 hp.
MASSIVE DAMAGE!!
Drink which item? (? for menu, Esc to quit)
It was a potion of flight.
You feel very buoyant.
You fly up into the air.
You block the orc warrior's attack.
Drink which item? (? for menu, Esc to quit)
You don't have any such object.
Drink which item? (? for menu, Esc to quit)
You feel better. The orc warrior hits you with a mace!
* * * LOW HITPOINT WARNING * * *
The orc warrior hits you with a mace.
* * * LOW HITPOINT WARNING * * *
You take 3 damage, and have 9/46 hp.
Read which item? (? for menu, Esc to quit)
Okay, then.
Drink which item? (? for menu, Esc to quit)
You feel better.
The orc warrior hits you but does no damage.
You regained 12 hp, and now have 21/46 hp.
You can't do that.
Your skin crawls.
You feel resistant to hostile enchantments.
You feel slightly more hungry. The orc warrior hits you with a mace!!
* * * LOW HITPOINT WARNING * * *
You take 17 damage, and have 4/46 hp.
MASSIVE DAMAGE!!
Read which item? (? for menu, Esc to quit)
Okay, then.
Aim: an orc warrior, wielding a mace and wearing a chain mail (severely wounded, chance to defeat MR: 65%)
The orc warrior struggles to resist.
This wand has 23 charges left.
The orc warrior hits you with a mace!
You die...

########
#......#
+......#
#......#
#.@# #o)#
.....
..(....#
#.#(#.#.#.
...........
#(#.#.#.#.#
((....... .


You could see an orc warrior.

Vanquished Creatures
  The ghost of Alipheese the Changer, an experienced NaTm of Cheibriados (D:5)
  2 orc warriors
  A centaur (D:5)
  A giant frog (D:4)
  2 scorpions
  Crazy Yiuf (D:2)
  An orc priest (D:5)
  Ijyb (D:2)
  A centaur skeleton (D:4)
  An iguana (D:4)
  Natasha (D:2)
  A worker ant (D:5)
  2 worker ant zombies
  Robin (D:3)
  7 adders
  3 gnolls (D:3)
  A shadow imp (D:5)
  2 oozes
  2 worms (D:2)
  4 orcs
  6 bats
  A giant cockroach (D:3)
  8 hobgoblins
  5 quokkas
  A ball python (D:3)
  6 giant newts
  12 goblins
  10 kobolds
  10 rats
95 creatures vanquished.

Notes
Turn   | Place    | Note
--------------------------------------------------------------
     0 | D:1      | kroki the Kobold Berserker began the quest for the Orb.
     0 | D:1      | Reached XP level 1. HP: 14/14 MP: 1/1
    38 | D:1      | Reached skill level 1 in Throwing
   148 | D:1      | Reached skill level 2 in Throwing
   148 | D:1      | Reached XP level 2. HP: 17/19 MP: 2/2
   737 | D:1      | Reached skill level 3 in Throwing
   771 | D:1      | Reached XP level 3. HP: 23/23 MP: 3/3
  1094 | D:2      | Reached skill level 4 in Throwing
  1212 | D:2      | Reached XP level 4. HP: 26/28 MP: 4/4
  1223 | D:2      | Noticed Natasha
  1235 | D:2      | Killed Natasha
  1235 | D:2      | Acquired Trog's second power
  1235 | D:2      | Reached skill level 5 in Throwing
  1321 | D:2      | Noticed Ijyb
  1326 | D:2      | Noticed Natasha
  1328 | D:2      | Killed Ijyb
  1328 | D:2      | Reached XP level 5. HP: 32/32 MP: 5/5
  1357 | D:2      | Found a white marble altar of Elyvilon.
  1692 | D:2      | Reached skill level 6 in Throwing
  1797 | D:2      | Noticed Crazy Yiuf
  1804 | D:2      | Killed Crazy Yiuf
  1841 | D:2      | Found a bloodstained altar of Trog.
  1982 | D:3      | Noticed Robin
  2018 | D:3      | Killed Robin
  2088 | D:3      | Reached skill level 7 in Throwing
  2088 | D:3      | Reached XP level 6. HP: 23/37 MP: 6/6
  2411 | D:3      | Found a glowing golden altar of the Shining One.
  3100 | D:4      | Reached skill level 8 in Throwing
  3119 | D:4      | Found a sacrificial altar of Ru.
  3119 | D:4      | Found a stormy altar of Qazlal.
  3198 | D:4      | Reached XP level 7. HP: 35/41 MP: 7/7
  3203 | D:4      | Found an iron altar of Okawaru.
  3419 | D:5      | Entered Level 5 of the Dungeon
  3568 | D:5      | Reached skill level 9 in Throwing
  3797 | D:5      | Reached skill level 1 in Shields
  3816 | D:5      | Noticed Alipheese's ghost (experienced NaTm)
  3834 | D:5      | Killed Alipheese's ghost
  3834 | D:5      | Reached skill level 3 in Shields
  3834 | D:5      | Reached XP level 8. HP: 46/46 MP: 8/8
  4201 | D:5      | Reached skill level 10 in Throwing
  4566 | D:5      | Reached skill level 4 in Shields
  4923 | D:6      | HP: 11/46 [orc warrior/mace (12)]
  4927 | D:6      | HP: 4/46 [orc warrior/mace (19)]
  4928 | D:6      | Mangled by an orc warrior

Vault maps used:
D:1:      scummos_arrival_gate
D:2:      nicolae_overflow_hidden_temple, elyvilon_altar_5, uniq_iyjb,
          uniq_natasha, uniq_crazy_yiuf_cottage
D:3:      overflow_temple_1_default, uniq_robin
D:4:      gammafunk_temple_overflow_elements, okawaru_trees_1, first_bread
D:6:      hex_medium, st_stairs_11, kennysheep_nondescript

Action                   |  1- 3 |  4- 6 |  7- 9 || total
-------------------------+-------+-------+-------++-------
Melee: Short sword       |    49 |    22 |   143 ||   214
       Dagger            |    16 |   116 |       ||   132
Throw: Stone             |    45 |    85 |    46 ||   176
Invok: Berserk           |     1 |     4 |     4 ||     9
       Trog's Hand       |       |       |     1 ||     1
Evoke: Wand              |       |       |     1 ||     1
  Use: Scroll            |     3 |     8 |     4 ||    15
       Potion            |       |     1 |     4 ||     5
  Eat: Chunk             |    10 |     6 |     8 ||    24

Vault maps used:
D:1:      scummos_arrival_gate
D:2:      nicolae_overflow_hidden_temple, elyvilon_altar_5, uniq_iyjb,
          uniq_natasha, uniq_crazy_yiuf_cottage
D:3:      overflow_temple_1_default, uniq_robin
D:4:      gammafunk_temple_overflow_elements, okawaru_trees_1, first_bread
D:6:      hex_medium, st_stairs_11, kennysheep_nondescript

Table legend:
 A = Turns spent in this place as a percentage of turns spent in the entire game.
 B = Non-inter-level travel turns spent in this place as a percentage of non-inter-level travel turns spent in the entire game.
 C = Inter-level travel turns spent in this place as a percentage of turns spent in this place.
 D = Turns resting spent in this place as a percentage of non-inter-level travel turns spent in this place.
 E = Turns spent auto-exploring this place as a percentage of non-inter-level travel turns spent in this place.
 F = Non-inter-level travel turns spent in this place divided by the number of levels of this place that you've seen.
                   A       B       C       D       E      F
               +-------+-------+-------+-------+-------+----------------------
         Total | 100.0 | 100.0 |   0.8 |   3.0 |   9.7 | 247.0
       Dungeon | 100.0 | 100.0 |   0.8 |   3.0 |   9.7 | 247.0
               +-------+-------+-------+-------+-------+----------------------

Table legend:
 A = Kills in this place as a percentage of kills in entire the game.
 B = Kills by you in this place as a percentage of kills by you in the entire game.
 C = Kills by friends in this place as a percentage of kills by friends in the entire game.
 D = Other kills in this place as a percentage of other kills in the entire game.
 E = Experience gained in this place as a percentage of experience gained in the entire game.
 F = Experience gained in this place divided by the number of levels of this place that you have seen.
                   A       B       C       D       E      F
               +-------+-------+-------+-------+-------+----------------------
         Total | 100.0 | 100.0 |  -nan |  -nan | 100.0 | 273.7
       Dungeon | 100.0 | 100.0 |  -nan |  -nan | 100.0 | 273.7
               +-------+-------+-------+-------+-------+----------------------
